 Dungeon Crawl Stone Soup version 0.24-a0-618-ge4662a2d14 (webtiles) character file.

Game seed: 15548626901407059673, levelgen mode: deterministic

73522 LabCoat the Severer (level 15, -4/152 HPs)
             Began as a Hill Orc Fighter on Sept 14, 2019.
             Was a High Priest of Trog.
             Slain by a mana viper (5 damage)
             ... on level 1 of the Snake Pit on Sept 15, 2019.
             The game lasted 01:40:41 (21501 turns).

LabCoat the Severer (Hill Orc Fighter)             Turns: 21501, Time: 01:40:42

Health: -4/152     AC: 24    Str: 29    XL:     15   Next: 43%
Magic:  8/15       EV:  8    Int:  8    God:    Trog [*****.]
Gold:   92         SH: 14    Dex: 10    Spells: 14/14 levels left

rFire    . . .     SeeInvis .   H - +1 war axe (elec)
rCold    . . .     Gourm    .   c - +0 shield
rNeg     . . .     Faith    .   t - +0 plate armour
rPois    .         Spirit   .   g - +2 helmet
rElec    .         Reflect  .   e - +0 cloak
rCorr    .         Harm     .   u - +0 pair of gloves
MR       +....                  K - +0 pair of boots
Stlth    ..........             V - amulet of Vitality {Regen+ HP+15}
HPRegen  0.75/turn              W - ring of Suspected Treachery {AC+1 Str+3}
MPRegen  0.14/turn              R - +2 ring of evasion

@: lethally poisoned (-4 -> -5), berserk cooldown, very slightly contaminated,
slowed, constricted, very slow
A: no striking features
a: Berserk, Trog's Hand, Brothers in Arms, Renounce Religion


You were on level 1 of the Snake Pit.
You worshipped Trog.
Trog was extremely pleased with you.
You were hungry.

You visited 5 branches of the dungeon, and saw 20 of its levels.
You also visited: Ossuary.

You collected 2821 gold pieces.
You spent 2729 gold pieces at shops.

Inventory:

Hand Weapons
 v - a +0 morningstar of holy wrath
 H - a +1 war axe of electrocution (weapon)
 N - a +0 broad axe
 U - a +1 mace of draining
Missiles
 P - 9 silver javelins (quivered)
Armour
 c - a +0 shield (worn)
 e - a +0 cloak (worn)
 g - a +2 helmet (worn)
 t - a +0 plate armour (worn)
 u - a +0 pair of gloves (worn)
 K - a +0 pair of boots (worn)
Jewellery
 d - a +2 amulet of reflection
 o - an uncursed ring of stealth
 q - an uncursed ring of protection from cold
 F - an uncursed ring of resist corrosion
 G - an uncursed ring of stealth
 J - a +2 ring of intelligence
 M - an uncursed amulet of the gourmand
 R - a +2 ring of evasion (right hand)
 V - the amulet of Vitality (around neck) {Regen+ HP+15}
   (You bought it in a shop on level 2 of the Orcish Mines)

   [amulet of regeneration]

   It affects your health (+15).
   It increases your rate of regeneration.
 W - the ring of Suspected Treachery (left hand) {AC+1 Str+3}
   (You bought it in a shop on level 2 of the Orcish Mines)

   [ring of protection]

   It affects your AC (+1).
   It affects your strength (+3).
 X - an uncursed ring of protection from fire
Wands
 b - a wand of clouds (7)
 n - a wand of polymorph (12)
 y - a wand of digging (13)
 z - a wand of disintegration (23)
 C - a wand of scattershot (9)
 D - a wand of random effects (52)
 L - a wand of paralysis (7)
 O - a wand of iceblast (11)
 T - a wand of enslavement (10)
Scrolls
 i - 8 scrolls of remove curse
 j - a scroll of fear
 k - 5 scrolls of magic mapping
 l - 16 scrolls of teleportation
 x - 7 scrolls of fog
 A - a scroll of holy word
 E - a scroll of enchant armour {unknown}
Potions
 a - a potion of agility
 h - 4 potions of invisibility
 m - 5 potions of flight
 r - 4 potions of brilliance
 s - 2 potions of magic
 w - 2 potions of berserk rage
 B - a potion of might
 I - 2 potions of haste
 Y - a potion of resistance
 Z - a potion of curing
Comestibles
 f - 17 rations


   Skills:
 + Level 13.7 Fighting
 + Level 17.4(18.1) Axes
 + Level 7.3(12.2) Maces & Flails
 + Level 3.8 Throwing
 + Level 12.5 Armour
 + Level 3.5 Dodging
 + Level 1.5 Stealth
 + Level 14.9 Shields
 + Level 0.1 Evocations


You had 14 spell levels left.
You didn't know any spells.
Your spell library contained the following spells:

 Spells                   Type           Power        Failure   Level  Hunger
 Animate Skeleton         Necr           N/A          96%         1    ##.....
 Beastly Appendage        Tmut           #.....       96%         1    ##.....
 Magic Dart               Conj           #...         96%         1    ##.....
 Pain                     Necr           #...         96%         1    ##.....
 Sting                    Conj/Pois      #...         96%         1    ##.....
 Blink                    Tloc           N/A          99%         2    ###....
 Call Imp                 Summ           #.......     99%         2    ###....
 Poisonous Vapours        Pois/Air       #.....       99%         2    ###....
 Slow                     Hex            #.......     99%         2    ###....
 Sticks to Snakes         Tmut           #.......     99%         2    ###....
 Conjure Flame            Conj/Fire      #.......     100%        3    ####...
 Mephitic Cloud           Conj/Pois/Air  #.......     100%        3    ####...
 Regeneration             Chrm/Necr      #.........   100%        3    ####...
 Spider Form              Tmut/Pois      #.........   100%        3    ####...
 Vampiric Draining        Necr           #.........   100%        3    ####...
 Animate Dead             Necr           N/A          100%        4    #####..
 Ice Form                 Ice/Tmut       #.......     100%        4    #####..
 Olgreb's Toxic Radiance  Pois           #.......     100%        4    #####..
 Blade Hands              Tmut           #.........   100%        5    ######.
 Venom Bolt               Conj/Pois      #.........   100%        5    ######.
 Freezing Cloud           Conj/Ice/Air   #.........   100%        6    #######
 Ring of Flames           Chrm/Fire      #.........   100%        7    #######


Dungeon Overview and Level Annotations

Branches:
Dungeon (10/15)            Temple (1/1) D:6            Lair (6/6) D:10
 Shoals (0/4) Lair:2        Snake (1/4) Lair:3        Slime (0/5) Lair:5
    Orc (2/2) D:10            Elf (0/3) Orc:2       Ossuary (visited)

Altars:
Ashenzari
Cheibriados
Dithmenos
Elyvilon
Fedhas
Gozag
Hepliaklqana
Kikubaaqudgha
Makhleb
Nemelex Xobeh
Okawaru
Qazlal
Ru
Sif Muna
Trog
Uskayaw
Vehumet
Wu Jian
Xom
Yredelemnul
Zin
The Shining One
Jiyva

Shops:
D:4 *   D:7 [   D:8 *   D:10 (   Orc:2 *!:=

Annotations:
Lair:3 3 runed translucent doors, skumtomte's ghost, journeyman DrIE


Message History

The naga ritualist begins to radiate toxic energy.
* * * LOW HITPOINT WARNING * * *
You are more poisoned.
Quiver which item? (- for none, * to show all) (? for menu, Esc to quit)
Okay, then.
You feel better.
* * * LOW HITPOINT WARNING * * *
You are poisoned.
You block the black mamba's attack.
The anaconda bites you but does no damage.
The anaconda constricts you. You block the black mamba's attack.
The naga hits you but does no damage. The anaconda bites you!
* * * LOW HITPOINT WARNING * * *
The anaconda constricts you.
The mana viper bites you but does no damage.
The black mamba barely misses you. You block the naga's attack.
The anaconda bites you but does no damage.
* * * LOW HITPOINT WARNING * * *
The anaconda constricts you. The mana viper bites you.
You die...

###......>..######
.........#.##....#
#........#.......#
#..##.#..###......
#..#..##...#.#...#
#.##...###...##..#
#.#....#......# ## .N.
#S#...####....# ##..
##@##..#..#.##.# ...
###SSN...#.....#... #..
####SSSSN#...........##
##..##....NS..#..####..#...#
#...#)..N...N.####..##.#..... .
#...).....#.##.#............
....###.###.###N.........#######
(.....†.......#....#....
.......#...........## .


You could see a naga sharpshooter, an anaconda, a naga ritualist, a shock
serpent, 2 mana vipers, a guardian serpent, 3 black mambas, a naga mage and 3
nagas.

Vanquished Creatures
  Rupert (Lair:4)
  Aizul (Snake:1)
  Josephine (Lair:4)
  Harold (D:7)
  A naga warrior (Snake:1)
  8 hydras
  A catoblepas (Lair:4)
  3 death yaks (Lair:5)
  8 two-headed ogres
  2 ogre magi (Orc:2)
  An orc high priest (Orc:2)
  2 shock serpents (Snake:1)
  A tengu warrior (D:10)
  2 deep trolls (Orc:1)
  A mana viper (Snake:1)
  An orc sorcerer (Orc:2)
  2 cyclopes (Orc:2)
  10 elephants (Lair:3)
  2 naga magi (Snake:1)
  8 black mambas
  26 spiny frogs
  5 komodo dragons
  2 rime drakes
  2 polar bears (D:9)
  A tengu conjurer (D:10)
  5 tyrant leeches (Lair:6)
  10 trolls
  32 blink frogs
  Prince Ribbit (Lair:1)
  7 hippogriffs
  A spriggan (D:7)
  5 wraiths (Lair:4)
  46 yaks
  A wyvern (Lair:4)
  2 basilisks
  2 hungry ghosts
  4 wargs
  6 vampire mosquitoes (Lair:6)
  8 nagas
  3 porcupines
  11 water moccasins
  3 black bears
  3 phantoms
  11 ice beasts
  A sky beast (D:5)
  13 orc warriors
  A necrophage (D:5)
  23 ogres
  6 wolves
  2 centaurs
  9 crocodiles
  2 big kobolds
  14 bullfrogs
  A troll zombie (Ossuary)
  4 scorpions
  5 killer bees (D:7)
  4 electric eels
  2 howler monkeys
  5 crimson imps
  2 quasits
  2 centaur zombies (Ossuary)
  A bullfrog zombie (D:4)
  3 hounds
  2 jellies
  A human zombie (Ossuary)
  6 orc priests
  A centaur skeleton (D:7)
  A gnoll shaman (D:6)
  5 bullfrog skeletons
  An iguana (D:4)
  Jessica (D:2)
  Natasha (D:3)
  Terence (D:2)
  9 worker ants
  17 orc wizards
  A bullfrog simulacrum (D:9)
  2 ogre zombies (Ossuary)
  A hound zombie (D:7)
  7 mummies (Ossuary)
  Robin (D:2)
  13 gnolls
  7 adders
  3 shadow imps
  3 white imps (D:9)
  An ufetubus (D:9)
  5 adder skeletons
  8 adder zombies
  5 worms
  An adder simulacrum (D:9)
  6 leopard geckos
  35 orcs
  7 bats
  6 giant cockroaches
  19 goblins
  6 hobgoblins
  12 jackals
  11 kobolds
  2 ball pythons
  3 frilled lizards
  5 goblin zombies (Ossuary)
  4 hobgoblin zombies (Ossuary)
  4 kobold zombies (Ossuary)
  A quokka skeleton (D:5)
  7 quokka zombies
  10 rats
  5 fungi
  6 plants
607 creatures vanquished.

Vanquished Creatures (others)
  An ogre (Orc:2)
  2 centaurs
  18 fungi
  33 plants (Lair:6)
54 creatures vanquished.

Grand Total: 661 creatures vanquished

Notes
Turn   | Place    | Note
-------+----------+-------------------------------------------
     0 | D:1      | LabCoat the Hill Orc Fighter began the quest for the Orb.
     0 | D:1      | Reached XP level 1. HP: 19/19 MP: 1/1
   192 | D:1      | Reached XP level 2. HP: 27/27 MP: 2/2
   371 | D:1      | Reached XP level 3. HP: 27/33 MP: 3/3
   755 | D:2      | Noticed Terence
   763 | D:2      | Killed Terence
   763 | D:2      | Reached skill level 3 in Axes
   775 | D:2      | Found a faded altar of an unknown god.
   817 | D:2      | Reached XP level 4. HP: 35/40 MP: 4/4
   854 | D:2      | Noticed Jessica
   868 | D:2      | Killed Jessica
  1282 | D:2      | Reached skill level 4 in Axes
  1300 | D:2      | Noticed Robin
  1312 | D:2      | Killed Robin
  1312 | D:2      | Reached XP level 5. HP: 47/47 MP: 5/5
  1509 | D:2      | Found a shadowy altar of Dithmenos.
  1510 | D:2      | Found a shattered altar of Ashenzari.
  1515 | D:2      | Found an iron altar of Okawaru.
  1516 | D:2      | Found a hazy altar of Hepliaklqana.
  1516 | D:2      | Found a hide-covered altar of Uskayaw.
  1516 | D:2      | Found a sparkling altar of Nemelex Xobeh.
  1518 | D:2      | Found a stormy altar of Qazlal.
  1520 | D:2      | Found a basalt altar of Yredelemnul.
  1908 | D:3      | Upgraded the game from 0.24-a0-616-ge2a249a6fd to
                  | 0.24-a0-618-ge4662a2d14
  1977 | D:3      | Noticed Natasha
  1984 | D:3      | Killed Natasha
  2334 | D:4      | Found Vyadd's Mass Market.
  2406 | D:4      | Noticed an ogre
  2414 | D:4      | Killed an ogre
  2414 | D:4      | Reached skill level 5 in Axes
  2414 | D:4      | Reached XP level 6. HP: 8/53 MP: 6/6
  2754 | D:4      | Reached skill level 1 in Dodging
  3149 | D:4      | Reached skill level 6 in Axes
  3152 | D:4      | Reached XP level 7. HP: 59/60 MP: 7/7
  3299 | D:5      | Entered Level 5 of the Dungeon
  3327 | D:5      | Reached skill level 5 in Shields
  3338 | D:5      | Reached skill level 5 in Fighting
  3355 | D:5      | Reached skill level 5 in Armour
  3530 | D:5      | Reached skill level 7 in Axes
  3569 | D:5      | Found a sand-covered staircase.
  3578 | Ossuary  | Entered an ossuary
  3659 | Ossuary  | Reached XP level 8. HP: 13/68 MP: 8/8
  4234 | Ossuary  | Reached skill level 8 in Axes
  4770 | D:6      | Reached skill level 9 in Axes
  4834 | D:6      | Reached XP level 9. HP: 69/75 MP: 9/9
  4896 | D:6      | Found a staircase to the Ecumenical Temple.
  4905 | Temple   | Entered the Ecumenical Temple
  4946 | Temple   | Became a worshipper of Trog the Wrathful
  5003 | D:6      | Reached skill level 10 in Axes
  5044 | D:6      | Found a blossoming altar of Fedhas.
  5592 | D:7      | Reached * piety under Trog
  5593 | D:7      | Reached skill level 1 in Throwing
  5797 | D:7      | Reached skill level 11 in Axes
  6064 | D:7      | Noticed Harold
  6075 | D:7      | Killed Harold
  6075 | D:7      | Reached XP level 10. HP: 84/84 MP: 10/10
  6173 | D:7      | Found Zeots's Armour Shop.
  6187 | D:7      | Bought a +0 plate armour for 253 gold pieces
  6331 | D:7      | Reached ** piety under Trog
  6547 | D:8      | Found a glowing golden altar of the Shining One.
  6576 | D:8      | Reached skill level 12 in Axes
  6589 | D:8      | Found Ixuamaenk's Assorted Antiques.
  6597 | D:8      | Bought a scroll of teleportation for 51 gold pieces
  6597 | D:8      | Bought an encrusted ivory wand for 68 gold pieces
  6597 | D:8      | Bought a scroll of identify for 34 gold pieces
  6597 | D:8      | Bought a scroll of teleportation for 51 gold pieces
  6740 | D:8      | Found a glowing silver altar of Zin.
  7264 | D:9      | Reached skill level 10 in Shields
  7527 | D:9      | Reached *** piety under Trog
  7656 | D:9      | Reached XP level 11. HP: 82/94 MP: 11/11
  7770 | D:9      | Reached skill level 13 in Axes
  8260 | D:9      | Found an ancient bone altar of Kikubaaqudgha.
  8271 | D:9      | Found a shimmering blue altar of Sif Muna.
  8285 | D:9      | Found a radiant altar of Vehumet.
  8411 | D:10     | Entered Level 10 of the Dungeon
  8432 | D:10     | Found a staircase to the Orcish Mines.
  8628 | D:10     | Found a staircase to the Lair.
  8772 | D:10     | Noticed a tengu warrior
  8784 | D:10     | Killed a tengu warrior
  8895 | D:10     | Found Jiefeevul's Antique Weapon Shop.
  9380 | Lair:1   | Entered Level 1 of the Lair of Beasts
  9471 | Lair:1   | Noticed Prince Ribbit
  9476 | Lair:1   | Killed Prince Ribbit
  9480 | Lair:1   | Reached **** piety under Trog
  9510 | Lair:1   | Reached skill level 14 in Axes
 10401 | Lair:1   | Reached XP level 12. HP: 104/104 MP: 12/12
 10858 | Lair:2   | Noticed a five-headed hydra
 10875 | Lair:2   | Killed a five-headed hydra
 10875 | Lair:2   | Reached skill level 1 in Maces & Flails
 11140 | Lair:2   | Noticed a four-headed hydra
 11153 | Lair:2   | Killed a four-headed hydra
 11413 | Lair:2   | Found a staircase to the Shoals.
 12103 | Lair:3   | Found a runed translucent gate.
 12103 | Lair:3   | Found a runed translucent gate.
 12115 | Lair:3   | Found a runed translucent gate.
 12118 | Lair:3   | Noticed skumtomte's ghost (journeyman DrIE)
 12151 | Lair:3   | Reached skill level 1 in Stealth
 12478 | Lair:3   | Reached skill level 10 in Fighting
 12544 | Lair:3   | Received a gift from Trog
 12689 | Lair:3   | Reached skill level 15 in Axes
 12689 | Lair:3   | Reached skill level 10 in Armour
 13062 | Lair:3   | Found a staircase to the Snake Pit.
 13125 | Lair:3   | Reached XP level 13. HP: 94/113 MP: 13/13
 14154 | Lair:4   | Noticed Rupert
 14169 | Lair:4   | Killed Rupert
 14169 | Lair:4   | Reached skill level 5 in Maces & Flails
 14267 | Lair:4   | Noticed Josephine
 14271 | Lair:4   | Received a gift from Trog
 14316 | Lair:4   | Killed Josephine
 15134 | Lair:4   | Reached skill level 16 in Axes
 16124 | Lair:5   | Reached ***** piety under Trog
 16135 | Lair:5   | Reached XP level 14. HP: 85/124 MP: 14/14
 16415 | Lair:5   | Found a viscous altar of Jiyva.
 16415 | Lair:5   | Found a staircase to the Slime Pits.
 16799 | Lair:6   | Entered Level 6 of the Lair of Beasts
 17300 | Lair:6   | Received a gift from Trog
 17757 | Lair:6   | Received a gift from Trog
 18733 | Orc:1    | Entered Level 1 of the Orcish Mines
 19020 | Orc:2    | Entered Level 2 of the Orcish Mines
 19059 | Orc:1    | Received a gift from Trog
 19727 | Orc:2    | Found a staircase to the Elven Halls.
 19746 | Orc:2    | Found Hoddisin's Jewellery Shoppe.
 19764 | Orc:2    | Reached skill level 17 in Axes
 19839 | Orc:1    | Reached XP level 15. HP: 101/135 MP: 15/15
 20314 | Orc:2    | Found Atiskoth's Book Emporium.
 20332 | Orc:2    | Found Pinafrei's Distillery.
 20388 | Orc:2    | Bought the amulet of Vitality {Regen+ HP+15} for 1106 gold
                  | pieces
 20388 | Orc:2    | Found the amulet of Vitality {Regen+ HP+15}
 20388 | Orc:2    | Bought the ring of Suspected Treachery {AC+1 Str+3} for 228
                  | gold pieces
 20502 | Orc:2    | Bought an uncursed ring of protection from fire for 350
                  | gold pieces
 20505 | Orc:2    | Found Ynli's General Store.
 20519 | Orc:2    | Bought a potion of resistance for 120 gold pieces
 20519 | Orc:2    | Bought a potion of haste for 120 gold pieces
 20519 | Orc:2    | Bought 2 potions of invisibility for 192 gold pieces
 20519 | Orc:2    | Bought a potion of curing for 36 gold pieces
 20519 | Orc:2    | Bought a potion of heal wounds for 60 gold pieces
 20519 | Orc:2    | Bought a potion of heal wounds for 60 gold pieces
 20923 | Snake:1  | Entered Level 1 of the Snake Pit
 21209 | Snake:1  | Received a gift from Trog
 21463 | Snake:1  | Noticed Aizul
 21493 | Snake:1  | Killed Aizul
 21493 | Snake:1  | HP: 7/152 [poisoned by Aizul (poison arrow)]
 21500 | Snake:1  | HP: 6/152 [naga ritualist/Olgreb's Toxic Radiance (2)]
 21501 | Snake:1  | HP: 1/152 [anaconda (2)]
 21501 | Snake:1  | Slain by a mana viper

Levels and vault maps discovered:
D:1:      minmay_arrival_solitary_statue, layout_loops_ring
D:2:      cheibrodos_helix_gallery, layout_loops_ring, minitemple,
          chequers_ecumenical_altar_simple, first_ration, minmay_cut_off,
          uniq_robin, uniq_terence, uniq_jessica
D:3:      layout_basic, uniq_natasha
D:4:      layout_loops_cross, minmay_shop_mass, chequers_mini_garden
D:5:      layout_rooms, nicolae_ossuary_entry_monument,
          chequers_serial_rivers_room_a, kennysheep_generic_room_11
D:6:      layout_rooms, fedhas_altar_3, minmay_temple_entry_glass
D:7:      layout_gridville, serial_shops, shop, the_bakery, uniq_harold
D:8:      layout_basic, kennysheep_mini_moat, basic_altar, serial_shops, shop,
          minmay_puff
D:9:      layout_roguey, palyth_temple_overflow_mages, serial_ice, serial_ice_k,
          serial_ice_f, serial_ice_b, serial_ice_e, serial_ice_d, serial_ice_h,
          serial_ice_c, serial_ice_n, serial_ice_a, serial_ice_m
D:10:     layout_gridville, dpeg_oklobed_lair, orc_0_dummy, serial_shops,
          kennysheep_little_box
Temple:   jpeg_temple_island
Lair:1:   layout_loops_ring, uniq_prince_ribbit2
Lair:2:   layout_big_grid, shoals_dummy_entry
Lair:3:   layout_regular_city, minmay_snake_entry_guardpost_small,
          gammafunk_ghost_necromancy, serial_bayou_shore_a,
          infiniplex_staircase_pool
Lair:4:   layout_loops_ring, grunt_megastairs_1, uniq_rupert, uniq_josephine
Lair:5:   layout_cave_pods, slime_altar_1
Lair:6:   minmay_lair_end_frog_pond, layout_regular_city
Snake:1:  layout_honeycomb, lemuel_fruit_tree, uniq_aizul
Orc:1:    layout_caves
Orc:2:    st_orc_open, layout_caves

Skill      XL: |  1  2  3  4  5  6  7  8  9 10 11 12 13 14 |
---------------+-------------------------------------------+-----
Fighting       | 4 5 6 7 9 10 11 13 | 13.7
Axes           | 3 4 5 6 7 9 11 12 14 15 16 17 | 17.4
Shields        | 4 5 6 8 10 11 12 13 14 | 14.9
Armour         | 4 5 6 9 10 11 12 | 12.5
Dodging        | 1 2 3 |  3.5
Throwing       | 2 3 |  3.8
Maces & Flails | 3 6 7 |  7.3
Stealth        | 1 |  1.5
Evocations     | |  0.1

Action                   |  1- 3 |  4- 6 |  7- 9 | 10-12 | 13-15 || total
-------------------------+-------+-------+-------+-------+-------++-------
Melee: War axe           |    65 |   166 |   532 |   510 |   749 ||  2022
       Morningstar       |       |       |       |    23 |   107 ||   130
Throw: Boomerang         |       |     2 |    20 |    17 |       ||    39
       Javelin           |       |       |       |       |    22 ||    22
Invok: Berserk           |       |       |     3 |    10 |    14 ||    27
       Brothers in Arms  |       |       |       |       |     1 ||     1
Evoke: Wand              |       |       |       |     2 |       ||     2
  Use: Scroll            |       |     7 |     8 |    12 |     7 ||    34
       Potion            |       |     2 |     2 |     6 |    12 ||    22
  Eat: Chunk             |       |     2 |    16 |    12 |    21 ||    51
       Ration            |       |     2 |     1 |     6 |     6 ||    15
Armor: Scale mail        |    34 |    21 |       |       |       ||    55
       Chain mail        |       |    67 |   298 |     5 |       ||   370
       Plate armour      |       |       |       |   268 |   378 ||   646
Dodge: Dodged            |    22 |    33 |   120 |   107 |   259 ||   541
Block: Shield            |    38 |    97 |   384 |   376 |   613 ||  1508
       Reflection        |       |       |     4 |    11 |    12 ||    27

Table legend:
 A = Non-vault XP
 B = Vault XP
 C = Vault XP percentage of total XP
 D = Non-vault monster count
 E = Vault monster count
 F = Vault count percentage of total count
                 A         B        C        D         E       F
            +---------+---------+-------+---------+---------+-------
      Total |   62061 |   42971 |  40.9 |     410 |     189 |  31.6
            +---------+---------+-------+---------+---------+-------
        D:1 |      44 |       0 |   0.0 |      19 |       0 |   0.0
        D:2 |      22 |     117 |  84.2 |      12 |      17 |  58.6
        D:3 |      21 |      36 |  63.2 |      10 |       1 |   9.1
        D:4 |     399 |       0 |   0.0 |      23 |       0 |   0.0
        D:5 |     668 |      32 |   4.6 |      25 |       1 |   3.8
        D:6 |    1253 |       0 |   0.0 |      29 |       0 |   0.0
        D:7 |    1630 |    1249 |  43.4 |      33 |       2 |   5.7
        D:8 |    1044 |     288 |  21.6 |      24 |       4 |  14.3
        D:9 |    1734 |    3174 |  64.7 |      20 |      27 |  57.4
       D:10 |    1868 |       0 |   0.0 |      14 |       0 |   0.0
     Lair:1 |    4159 |     813 |  16.4 |      17 |       3 |  15.0
     Lair:2 |    3750 |       0 |   0.0 |       8 |       0 |   0.0
     Lair:3 |    8949 |     492 |   5.2 |      29 |       3 |   9.4
     Lair:4 |    9180 |    5334 |  36.8 |      26 |       8 |  23.5
     Lair:5 |    8766 |       0 |   0.0 |      26 |       0 |   0.0
     Lair:6 |    6414 |   13875 |  68.4 |      28 |      48 |  63.2
    Snake:1 |    6740 |    1603 |  19.2 |      15 |       1 |   6.2
      Orc:1 |    2839 |    4083 |  59.0 |      31 |       5 |  13.9
      Orc:2 |    2581 |   11434 |  81.6 |      21 |      32 |  60.4
    Ossuary |       0 |     441 | 100.0 |       0 |      37 | 100.0
            +---------+---------+-------+---------+---------+-------
